Match 47302242
Unlisted

Match 47302242
End
Construct Weapon Support Center
M1919 Machine Gun Team
Bazooka Squad
Engineer Squad
M1919 Machine Gun Team
Bazooka Squad
Air Support Center
P-47 Strafing Run
M3 Armored Personnel Carrier
Engineer Squad
P-47 Strafing Run
M1919 Machine Gun Team
Improved M9 Bazooka Rockets
Construct Tank Depot
Bazooka Squad
P-47 Strafing Run
Bored Johann
大将军
胖虎:小夫我要进来咯
给爷冲
Honey
khj
Zebra
스팀계정족같네
0
0

Comments sign in to comment!

No comments posted yet!